 Dungeon Crawl Stone Soup version 0.29.0-4-gdea44cf6ec (webtiles) character file.

Game seed: 3386441089026806834

116 qw the Caller (level 5, -3/42 HPs)
             Began as a Ghoul Summoner on Sept 9, 2022.
             Slain by Sigmund
             ... wielding a +1 vampiric scythe
              (7 damage)
             ... on level 2 of the Dungeon.
             The game lasted 00:01:11 (2451 turns).

qw the Caller (Ghoul Summoner)                      Turns: 2451, Time: 00:01:12

Health: -3/42      AC:  5    Str: 14    XL:     5   Next: 0%
Magic:  6/6        EV: 10    Int: 10    God:
Gold:   104        SH:  0    Dex:  9    Spells: 6/7 levels left

rFire   . . .      SeeInvis .   Y - +0 short sword
rCold   + . .      Faith    .   (no shield)
rNeg    + + +      Spirit   .   g - +0 ring mail
rPois   inf        Reflect  .   (no helmet)
rElec   .          Harm     .   (no cloak)
rCorr   .          Rampage  .   (no gloves)
Will    .....                   (no boots)
Stlth   ..........              h - amulet of regeneration
HPRegen 0.00/turn               (no ring)
MPRegen 0.10/turn               (no ring)

@: confused, inhibited regen
A: claws 1, cold resistance 1, negative energy resistance 3, inhibited
regeneration, torment resistance 2, devour on kill
a: no special abilities


You were on level 2 of the Dungeon.
You visited 1 branch of the dungeon, and saw 2 of its levels.

You collected 104 gold pieces.


Innate Abilities, Weirdness & Mutations

You are immune to poison.
You have sharp fingernails.
Your flesh is cold resistant. (rC+)
You are immune to negative energy. (rN+++)
You do not regenerate when monsters are visible.
You are immune to unholy pain and torment.
You thrive by killing the living.


   Skills:
 - Level 2.5 Fighting
 + Level 3.2 Axes
 - Level 1.7 Dodging
 - Level 2.1 Stealth
 - Level 1.7 Spellcasting
 - Level 3.6 Summonings


You had 6 spell levels left.
You knew the following spells:

 Your Spells              Type           Power      Damage    Failure   Level
a - Summon Small Mammal   Summ           32%        N/A       16%         1

Your spell library contained the following spells:

 Spells                   Type           Power      Damage    Failure   Level
 Call Imp                 Summ           8%         N/A       22%         2
 Call Canine Familiar     Summ           8%         N/A       41%         3
 Summon Guardian Golem    Hex/Summ       4%         N/A       67%         3
 Summon Lightning Spire   Summ/Air       4%         N/A       97%         4

Inventory:

Hand Weapons
 Y - a +0 short sword (weapon)
Armour
 d - a +1 leather armour of poison resistance
 g - a +0 ring mail (worn)
Jewellery
 e - the amulet of the Four Winds {rN+ Will+++ Clar}
   (You found it on level 2 of the Dungeon)

   [amulet of nothing]

   rN:        It protects you from negative energy.
   Clar:      It protects you against confusion.
   Will:      It greatly increases your willpower.
 h - an amulet of regeneration (around neck)
 k - the amulet "Cichecs" {Reflect *Slow rC++ rCorr Dex+2 SH+5}
   (You found it on level 2 of the Dungeon)

   [amulet of reflection]

   It reflects blocked missile attacks.
   Dex:       It affects your dexterity (+2).
   rC:        It greatly protects you from cold.
   rCorr:     It protects you from acid and corrosion.
   *Slow:     It may slow you when you take damage.
   SH:        It affects your SH (+5).
Scrolls
 a - a scroll of identify
 b - a scroll of vulnerability {unknown}
Potions
 c - a potion of degeneration {unknown}
 i - a potion of curing {unknown}
 j - a potion of heal wounds {unknown}

Dungeon Overview and Level Annotations

Branches:
Dungeon (2/15)

Altars:

Annotations:
D:2 Sigmund


Message History

The puff of flame hits you.
Sigmund casts a spell.
Sigmund flickers and vanishes!
Deactivating autopickup; reactivate with Ctrl-A.
You hear some strange, mumbled words.
You are confused.
You hear some strange, mumbled words.
You are more confused.
You're too confused to attack without stumbling around!
There is a strange disturbance nearby!
Something hits you.
You're too confused to attack without stumbling around!
There is a strange disturbance nearby!
You hear some strange, mumbled words.
Something tries to affect you, but you resist.
You're too confused to attack without stumbling around!
There is a strange disturbance nearby!
Something hits you!
You're too confused to attack without stumbling around!
There is a strange disturbance nearby!
You're too confused to attack without stumbling around!
There is a strange disturbance nearby!
Something hits you!
You're too confused to attack without stumbling around!
There is a strange disturbance nearby!
Something hits you but does no damage.
You're too confused to attack without stumbling around!
There is a strange disturbance nearby!
You're too confused to attack without stumbling around!
There is a strange disturbance nearby!
You hear some strange, mumbled words.
A magic dart appears from out of thin air!
The magic dart hits you.
You're too confused to attack without stumbling around!
There is a strange disturbance nearby!
Something hits you!
You're too confused to attack without stumbling around!
There is a strange disturbance nearby!
Something hits you!
You die...

##### #.# #.# # #.# #.
###########.#
##.###...........#
####.........########
............# #####
#..##.%..>#########...#
#....)....@{..).......#
#.#####...#.#######...#
##.##.# ##.######
#.##.# #....... #.##.#
#.###### #.##.# #.#
#.##.# #.# #.##.# #.#
#.# #..


There were no monsters in sight!

Vanquished Creatures
  Jessica (D:2)
  An orc (D:2)
  4 endoplasms
  2 giant cockroaches
  2 goblins (D:1)
  3 hobgoblins (D:1)
  A quokka (D:1)
  2 ball pythons
  A frilled lizard (D:1)
  A kobold (D:2)
18 creatures vanquished.

Vanquished Creatures (collateral kills)
  Natasha (twice) (D:2)
  An adder (D:2)
  A bat (D:1)
  An endoplasm (D:1)
  A giant cockroach (D:1)
  2 ball pythons (D:2)
  2 frilled lizards
  A goblin (D:1)
  A kobold (D:1)
  A rat (D:1)
13 creatures vanquished.

Vanquished Creatures (others)
  A plant (D:1)
1 creature vanquished.

Grand Total: 32 creatures vanquished

Notes
Turn   | Place    | Note
-------+----------+-------------------------------------------
     0 | D:1      | qw the Ghoul Summoner began the quest for the Orb.
     0 | D:1      | Reached XP level 1. HP: 14/14 MP: 2/2
     0 | D:1      | 0 ||| qw: Version: 0.1-a-113-g051387a
     0 | D:1      | 0 ||| qw: Game counter: 7171
     0 | D:1      | 0 ||| qw: Always use a shield: true
     0 | D:1      | 0 ||| qw: God list: Okawaru
     0 | D:1      | 0 ||| qw: Allow faded altars: false
     0 | D:1      | 0 ||| qw: Do Orc after D:15 true
     0 | D:1      | 0 ||| qw: Do second Lair branch before Depths: true
     0 | D:1      | 0 ||| qw: Lair rune preference: random
     0 | D:1      | 0 ||| qw: Plans: Normal
     0 | D:1      | 0 ||| PLANNING D:1-11
    15 | D:1      | 15 ||| CASTING Summon Small Mammal
    16 | D:1      | 16 ||| CASTING Summon Small Mammal
    48 | D:1      | 48 ||| CASTING Summon Small Mammal
    49 | D:1      | 49 ||| CASTING Summon Small Mammal
    88 | D:1      | 88 ||| CASTING Summon Small Mammal
    89 | D:1      | 89 ||| CASTING Summon Small Mammal
   101 | D:1      | 101 ||| CASTING Summon Small Mammal
   103 | D:1      | Reached skill level 1 in Axes
   128 | D:1      | 128 ||| Wielding weapon +0 dagger.
   129 | D:1      | 129 ||| SWAPPING to +0 dagger of venom.
   130 | D:1      | 130 ||| DROPPING +0 dagger.
   147 | D:1      | 147 ||| CASTING Summon Small Mammal
   148 | D:1      | 148 ||| CASTING Summon Small Mammal
   259 | D:1      | 259 ||| CASTING Summon Small Mammal
   260 | D:1      | 260 ||| CASTING Summon Small Mammal
   271 | D:1      | 271 ||| CASTING Summon Small Mammal
   303 | D:1      | 303 ||| SWAPPING to +0 short sword.
   304 | D:1      | 304 ||| DROPPING +0 dagger of venom.
   318 | D:1      | 318 ||| CASTING Summon Small Mammal
   319 | D:1      | 319 ||| CASTING Summon Small Mammal
   330 | D:1      | 330 ||| CASTING Summon Small Mammal
   332 | D:1      | Reached skill level 1 in Fighting
   332 | D:1      | Reached XP level 2. HP: 19/23 MP: 0/3
   394 | D:1      | 394 ||| CASTING Summon Small Mammal
   395 | D:1      | 395 ||| CASTING Summon Small Mammal
   396 | D:1      | 396 ||| CASTING Summon Small Mammal
   466 | D:1      | 466 ||| CASTING Summon Small Mammal
   467 | D:1      | 467 ||| CASTING Summon Small Mammal
   468 | D:1      | 468 ||| CASTING Summon Small Mammal
   514 | D:1      | 514 ||| CASTING Summon Small Mammal
   515 | D:1      | 515 ||| CASTING Summon Small Mammal
   516 | D:1      | 516 ||| CASTING Summon Small Mammal
   554 | D:1      | 554 ||| CASTING Summon Small Mammal
   555 | D:1      | 555 ||| CASTING Summon Small Mammal
   556 | D:1      | 556 ||| CASTING Summon Small Mammal
   567 | D:1      | 567 ||| CASTING Summon Small Mammal
   579 | D:1      | 579 ||| CASTING Summon Small Mammal
   636 | D:1      | 636 ||| CASTING Summon Small Mammal
   637 | D:1      | 637 ||| CASTING Summon Small Mammal
   638 | D:1      | 638 ||| CASTING Summon Small Mammal
   890 | D:1      | 890 ||| CASTING Summon Small Mammal
   891 | D:1      | 891 ||| CASTING Summon Small Mammal
   892 | D:1      | 892 ||| CASTING Summon Small Mammal
   903 | D:1      | 903 ||| CASTING Summon Small Mammal
  1107 | D:1      | 1107 ||| CASTING Summon Small Mammal
  1108 | D:1      | 1108 ||| CASTING Summon Small Mammal
  1109 | D:1      | 1109 ||| CASTING Summon Small Mammal
  1119 | D:1      | 1119 ||| CASTING Summon Small Mammal
  1276 | D:1      | 1276 ||| UPGRADING to +0 ring mail.
  1286 | D:1      | 1286 ||| DROPPING +0 robe.
  1287 | D:1      | 1287 ||| UPGRADING to amulet of regeneration.
  1292 | D:1      | 1292 ||| READING scroll labelled BIADUSI DIEC.
  1293 | D:1      | 1293 ||| READING 2 scrolls labelled ZITAGOB YBBITY.
  1294 | D:1      | 1294 ||| READING 3 scrolls labelled KUKKYIV ROANT.
  1298 | D:1      | 1298 ||| READING scroll labelled WATHRO ZUGG.
  1299 | D:1      | 1299 ||| DROPPING potion of magic.
  1300 | D:1      | 1300 ||| DROPPING scroll of magic mapping.
  1342 | D:2      | 1342 ||| CASTING Summon Small Mammal
  1343 | D:2      | 1343 ||| CASTING Summon Small Mammal
  1344 | D:2      | 1344 ||| CASTING Summon Small Mammal
  1403 | D:2      | 1403 ||| CASTING Summon Small Mammal
  1404 | D:2      | 1404 ||| CASTING Summon Small Mammal
  1405 | D:2      | 1405 ||| CASTING Summon Small Mammal
  1415 | D:2      | 1415 ||| CASTING Summon Small Mammal
  1427 | D:2      | 1427 ||| CASTING Summon Small Mammal
  1428 | D:2      | Reached XP level 3. HP: 12/28 MP: 0/4
  1472 | D:2      | 1472 ||| CASTING Summon Small Mammal
  1473 | D:2      | 1473 ||| CASTING Summon Small Mammal
  1496 | D:2      | 1496 ||| CASTING Summon Small Mammal
  1497 | D:2      | 1497 ||| CASTING Summon Small Mammal
  1498 | D:2      | 1498 ||| CASTING Summon Small Mammal
  1499 | D:2      | 1499 ||| CASTING Summon Small Mammal
  1506 | D:2      | 1506 ||| CASTING Summon Small Mammal
  1571 | D:2      | 1571 ||| CASTING Summon Small Mammal
  1572 | D:2      | 1572 ||| CASTING Summon Small Mammal
  1573 | D:2      | 1573 ||| CASTING Summon Small Mammal
  1574 | D:2      | 1574 ||| CASTING Summon Small Mammal
  1582 | D:2      | 1582 ||| CASTING Summon Small Mammal
  1675 | D:2      | 1675 ||| CASTING Summon Small Mammal
  1676 | D:2      | 1676 ||| CASTING Summon Small Mammal
  1677 | D:2      | 1677 ||| CASTING Summon Small Mammal
  1678 | D:2      | 1678 ||| CASTING Summon Small Mammal
  1824 | D:2      | 1824 ||| Stepping ~*~*~tactically~*~*~ (stealth).
  1826 | D:2      | 1826 ||| Stepping ~*~*~tactically~*~*~ (stealth).
  1828 | D:2      | 1828 ||| CASTING Summon Small Mammal
  1829 | D:2      | 1829 ||| CASTING Summon Small Mammal
  1830 | D:2      | 1830 ||| CASTING Summon Small Mammal
  1831 | D:2      | 1831 ||| CASTING Summon Small Mammal
  1874 | D:2      | Noticed Natasha
  1875 | D:2      | 1875 ||| CASTING Summon Small Mammal
  1876 | D:2      | 1876 ||| CASTING Summon Small Mammal
  1877 | D:2      | 1877 ||| CASTING Summon Small Mammal
  1878 | D:2      | 1878 ||| CASTING Summon Small Mammal
  1886 | D:2      | 1886 ||| CASTING Summon Small Mammal
  1891 | D:2      | Killed Natasha
  1892 | D:2      | Reached XP level 4. HP: 20/37 MP: 0/5
  1948 | D:2      | 1948 ||| CASTING Summon Small Mammal
  1949 | D:2      | 1949 ||| CASTING Summon Small Mammal
  1950 | D:2      | 1950 ||| CASTING Summon Small Mammal
  1951 | D:2      | 1951 ||| CASTING Summon Small Mammal
  1951 | D:2      | Noticed Jessica
  1952 | D:2      | 1952 ||| CASTING Summon Small Mammal
  1959 | D:2      | 1959 ||| CASTING Summon Small Mammal
  1964 | D:2      | Killed Jessica
  2058 | D:2      | Found a faded altar of an unknown god.
  2059 | D:2      | Noticed Sigmund
  2060 | D:2      | 2060 ||| CASTING Summon Small Mammal
  2061 | D:2      | 2061 ||| CASTING Summon Small Mammal
  2062 | D:2      | 2062 ||| CASTING Summon Small Mammal
  2063 | D:2      | 2063 ||| CASTING Summon Small Mammal
  2064 | D:2      | 2064 ||| CASTING Summon Small Mammal
  2070 | D:2      | 2070 ||| CASTING Summon Small Mammal
  2080 | D:2      | 2080 ||| CASTING Summon Small Mammal
  2082 | D:2      | HP: 8/37 [Sigmund/+1 vampiric scythe (3)]
  2083 | D:2      | 2083 ||| READING 2 scrolls of teleportation.
  2138 | D:2      | Found the amulet of the Four Winds {rN+ Will+++ Clar}
  2202 | D:2      | 2202 ||| CASTING Summon Small Mammal
  2203 | D:2      | 2203 ||| CASTING Summon Small Mammal
  2204 | D:2      | 2204 ||| CASTING Summon Small Mammal
  2205 | D:2      | 2205 ||| CASTING Summon Small Mammal
  2206 | D:2      | 2206 ||| CASTING Summon Small Mammal
  2266 | D:2      | Identified the amulet "Cichecs" {Reflect *Slow rC++ rCorr
                  | Dex+2 SH+5}
  2270 | D:2      | 2270 ||| CASTING Summon Small Mammal
  2271 | D:2      | 2271 ||| Stepping ~*~*~tactically~*~*~ (stealth).
  2272 | D:2      | 2272 ||| CASTING Summon Small Mammal
  2273 | D:2      | 2273 ||| CASTING Summon Small Mammal
  2274 | D:2      | 2274 ||| CASTING Summon Small Mammal
  2275 | D:2      | 2275 ||| CASTING Summon Small Mammal
  2280 | D:2      | 2280 ||| Stepping ~*~*~tactically~*~*~ (outnumbered).
  2281 | D:2      | 2281 ||| CASTING Summon Small Mammal
  2282 | D:2      | 2282 ||| Stepping ~*~*~tactically~*~*~ (outnumbered).
  2283 | D:2      | 2283 ||| Stepping ~*~*~tactically~*~*~ (outnumbered).
  2284 | D:2      | 2284 ||| Stepping ~*~*~tactically~*~*~ (outnumbered).
  2285 | D:2      | 2285 ||| Stepping ~*~*~tactically~*~*~ (outnumbered).
  2286 | D:2      | 2286 ||| Stepping ~*~*~tactically~*~*~ (outnumbered).
  2286 | D:2      | HP: 7/37 [orc/+0 flail (6)]
  2287 | D:2      | 2287 ||| READING scroll of teleportation.
  2294 | D:2      | 2294 ||| CASTING Summon Small Mammal
  2301 | D:2      | HP: 5/37 [orc/+0 flail (6)]
  2302 | D:2      | 2302 ||| CASTING Summon Small Mammal
  2303 | D:2      | HP: 2/37 [orc/+0 flail (3)]
  2319 | D:2      | 2319 ||| CASTING Summon Small Mammal
  2320 | D:2      | HP: 6/37 [giant cockroach (2)]
  2324 | D:2      | 2324 ||| CASTING Summon Small Mammal
  2379 | D:2      | Noticed Natasha
  2380 | D:2      | 2380 ||| CASTING Summon Small Mammal
  2381 | D:2      | 2381 ||| CASTING Summon Small Mammal
  2382 | D:2      | 2382 ||| CASTING Summon Small Mammal
  2383 | D:2      | 2383 ||| CASTING Summon Small Mammal
  2384 | D:2      | 2384 ||| CASTING Summon Small Mammal
  2391 | D:2      | 2391 ||| CASTING Summon Small Mammal
  2396 | D:2      | Killed Natasha
  2397 | D:2      | Reached skill level 3 in Axes
  2397 | D:2      | Reached XP level 5. HP: 14/42 MP: 0/6
  2450 | D:2      | HP: 4/42 [something (10)]
  2451 | D:2      | Slain by Sigmund

Levels and vault maps discovered:
D:1:      psy_arrival_terrarium, layout_basic, serial_forest,
          infiniplex_forest_straight_1, infiniplex_forest_clump_double,
          infiniplex_forest_clump_cross, infiniplex_forest_clump_tiny,
          infiniplex_forest_straight_2, infiniplex_forest_lined_room_3,
          infiniplex_forest_straight_2, infiniplex_forest_end_2,
          serial_bayou_ford_a, chequers_serial_rivers_small_b
D:2:      layout_loops_ring, shapermc_ecumenical_altar_mp_highgroup,
          uniq_jessica, uniq_sigmund, uniq_natasha

Skill      XL: |  1  2  3  4 |
---------------+-------------+-----
Axes           | 1 2 3 |  3.2
Fighting       | 1 2 |  2.5
Dodging        | |  1.7
Stealth        | |  2.1
Spellcasting   | |  1.7
Summonings     | |  3.6

Action                   |  1- 3 |  4- 6 || total
-------------------------+-------+-------++-------
Melee: Unarmed           |     4 |       ||     4
       Dagger            |     2 |       ||     2
       Short sword       |    78 |    55 ||   133
       Punch             |     1 |       ||     1
 Cast: Summon Small Mamm |    61 |    28 ||    89
  Use: Scroll            |     4 |     2 ||     6
 Stab: Distracted        |       |     1 ||     1
Armor: Robe              |     8 |       ||     8
       Ring mail         |    19 |    23 ||    42
Dodge: Dodged            |    39 |    36 ||    75

Table legend:
 A = Non-vault XP
 B = Vault XP
 C = Vault XP percentage of total XP
 D = Non-vault monster count
 E = Vault monster count
 F = Vault count percentage of total count
                 A         B        C        D         E       F
            +---------+---------+-------+---------+---------+-------
      Total |      93 |      73 |  44.0 |      29 |       2 |   6.5
            +---------+---------+-------+---------+---------+-------
        D:1 |      28 |       0 |   0.0 |      17 |       0 |   0.0
        D:2 |      65 |      73 |  52.9 |      12 |       2 |  14.3
            +---------+---------+-------+---------+---------+-------
